 Dungeon Crawl Stone Soup version 0.28.0-45-g0d030f2227 (webtiles) character file.

Game seed: 259157720105438010

51 Icepheonix32 the Skirmisher (level 3, -1/29 HPs)
             Began as a Demonspawn Fighter on Apr 7, 2022.
             Slain by an orc
             ... wielding a +0 war axe
              (6 damage)
             ... on level 2 of the Dungeon.
             The game lasted 00:02:31 (1562 turns).

Icepheonix32 the Skirmisher (Demonspawn Fighter)    Turns: 1562, Time: 00:02:31

Health: -1/29      AC:  8    Str: 18    XL:     3   Next: 58%
Magic:  3/3        EV:  9    Int:  9    God:
Gold:   90         SH:  4    Dex: 12    Spells: 2/2 levels left

rFire   . . .      SeeInvis .   a - +0 long sword
rCold   . . .      Faith    .   c - +0 buckler
rNeg    . . .      Spirit   .   b - +0 scale mail
rPois   .          Reflect  .   (no helmet)
rElec   .          Harm     .   (no cloak)
rCorr   .          Rampage  .   (no gloves)
Will    .....                   (no boots)
Stlth   ..........              (no amulet)
HPRegen 0.09/turn               (no ring)
MPRegen 0.08/turn               (no ring)

@: no status effects
A: icy blue scales 1, weakness stinger 1
a: no special abilities


You were on level 2 of the Dungeon.
You visited 1 branch of the dungeon, and saw 3 of its levels.

You collected 90 gold pieces.

Inventory:

Hand Weapons
 a - a +0 long sword (weapon)
Missiles
 l - 4 poisoned darts (quivered)
Armour
 b - a +0 scale mail (worn)
 c - a +0 buckler (worn)
Jewellery
 k - an amulet of guardian spirit
Scrolls
 f - a scroll of fear {unknown}
 g - 2 scrolls of teleportation {unknown}
 i - 2 scrolls of identify {unknown}
 j - a scroll of fog {unknown}
Potions
 d - 2 potions of might
 e - 2 potions of curing {unknown}
 h - a potion of haste {unknown}


   Skills:
 * Level 3.4 Fighting
 - Level 2.3 Long Blades
 + Level 3.0 Armour
 + Level 1.0 Dodging
 + Level 2.9 Shields


You had 2 spell levels left.
You didn't know any spells.
Your spell library contained the following spells:

 Spells                   Type           Power      Damage    Failure   Level
 Animate Skeleton         Necr           0%         N/A       86%         1
 Apportation              Tloc           0%         N/A       86%         1
 Summon Small Mammal      Summ           0%         N/A       86%         1
 Stone Arrow              Conj/Erth      0%         3d7       99%         3
 Animate Armour           Summ/Erth      0%         N/A       100%        4
 Lehudib's Crystal Spear  Conj/Erth      0%         10d2      100%        8


Dungeon Overview and Level Annotations

Branches:
Dungeon (3/15)

Altars:


Innate Abilities, Weirdness & Mutations

You are partially covered in icy blue scales. (AC +2)
You have a small tail.


Message History

The orc barely misses you.
You miss the adder.
Your tail-slap misses the adder.
The adder bites you but does no damage.
The orc priest looks braver for a moment.
The orc hits you with a +0 mace. The orc completely misses you.
The adder bites you but does no damage. The orc barely misses you.
You hit the adder.
The adder is moderately wounded.
The adder bites you but does no damage. The orc barely misses you.
The orc hits you but does no damage. The adder bites you but does no damage.
The orc closely misses you.
You closely miss the adder.
The adder is moderately wounded.
The adder bites you but does no damage. The orc hits you with a +0 mace.
You block the orc's attack. The adder bites you but does no damage.
The orc closely misses you.
You are too injured to fight recklessly!
You are too injured to fight recklessly!
You are too injured to fight recklessly!
You are too injured to fight recklessly!
You are too injured to fight recklessly!
You are too injured to fight recklessly!
You are too injured to fight recklessly!
You are too injured to fight recklessly!
You are too injured to fight recklessly!
You are too injured to fight recklessly!
You are too injured to fight recklessly!
You are too injured to fight recklessly!
You are too injured to fight recklessly!
The orc hits you with a +0 war axe.
There is a stone staircase leading up here.
The adder bites you.
* * * LOW HITPOINT WARNING * * *
You climb upwards.
There is a stone staircase leading down here.
You are too injured to fight recklessly!
The adder bites you but does no damage. The adder closely misses you.
You barely miss the orc.
Your tail-slap misses the orc.
The adder barely misses you. The orc hits you with a +0 war axe.
You die...

##...'...##........#
.##.....##.........#
..##.⌠.##..........#
#..##.##...........#
....#'#............#
.....'..#..........#
#......##.###....#####
............#.##.....#
.####...........@o.#.#
.#####..........S#.(.#
...######............#
....#####........#.###
.........<.........#
.....#...........###
.....#...##.######
.......####.#
.....#..###.#


You could see an adder and an orc.

Vanquished Creatures
  An orc (D:3)
  9 bats (D:1)
  4 endoplasms
  2 giant cockroaches (D:2)
  5 goblins
  2 hobgoblins (D:1)
  6 jackals
  3 kobolds (D:1)
  2 quokkas (D:1)
  2 ball pythons (D:2)
  3 frilled lizards
  6 rats (D:1)
45 creatures vanquished.

Notes
Turn   | Place    | Note
-------+----------+-------------------------------------------
     0 | D:1      | Icepheonix32 the Demonspawn Fighter began the quest for the
                  | Orb.
     0 | D:1      | Reached XP level 1. HP: 18/18 MP: 1/1
   384 | D:1      | Gained mutation: You are partially covered in icy blue
                  | scales. (AC +2) [demonic ancestry]
   384 | D:1      | Reached XP level 2. HP: 13/24 MP: 2/2
   705 | D:1      | Gained mutation: You have a small tail. [demonic ancestry]
   705 | D:1      | Reached XP level 3. HP: 17/29 MP: 3/3
  1191 | D:2      | Reached skill level 1 in Dodging
  1562 | D:2      | Slain by an orc

Illustrated notes

Levels and vault maps discovered:
D:1:      ebering_trefoil_3fold, layout_basic
D:2:      layout_rooms, grunt_decor_arrowhead
D:3:      layout_basic

Skill      XL: |  1  2  3 |
---------------+----------+-----
Long Blades    | 2 |  2.3
Dodging        | 1 |  1.0
Armour         | 3 |  3.0
Fighting       | |  3.4
Shields        | |  2.9

Action                   || total
-------------------------++-------
Melee: Long sword        ||   173
       Tailslap          ||     3
Armor: Scale mail        ||   134
Dodge: Dodged            ||   134
Block: Buckler           ||    49
